 Dungeon Crawl Stone Soup version 0.15-a0-462-gf669498 (webtiles) character file.

300 PolkaDot the Vexing (level 5, -1/35 HPs)
             Began as a Vampire Enchanter on May 7, 2014.
             Slain by Menkaure (14 damage)
             ... on Level 4 of the Dungeon.
             The game lasted 00:10:30 (3264 turns).

PolkaDot the Vexing (Vampire Enchanter)             Turns: 3264, Time: 00:10:30

HP  -1/35        AC  3     Str  8      XL: 5   Next: 54%
MP   6/9         EV 13     Int 17      God:
Gold 93          SH  0     Dex 14      Spells:  4 memorised,  0 levels left

rFire  . . .     SeeInvis +     a - +1 dagger
rCold  + + .     Clarity  .     m - +1 robe
rNeg   + + +     Conserve .     (no shield)
rPois  +         rCorr    .     (no helmet)
rElec  .         rRot     +     (no cloak)
SustAb . .       Spirit   .     (no gloves)
rMut   .         Warding  .     (no boots)
Saprov . . .     Stasis   .     (no amulet)
MR     .....                    (no ring)
                                s - ring of flight

@: non-regenerating, not resistant to hostile enchantments, fairly stealthy
A: fangs 3, see invisible, unbreathing
a: Bat Form, Evoke Flight


You were on level 4 of the Dungeon.
You were bloodless.

You visited 1 branch of the dungeon, and saw 4 of its levels.

You collected 93 gold pieces.

Inventory:

Hand weapons
 a - a +1,+1 dagger (weapon)
 b - a +1,+1 cutlass
Missiles
 d - 12 darts (quivered)
Armour
 m - a +1 robe (worn)
Scrolls
 f - 3 scrolls of remove curse {unknown}
 g - a scroll of enchant weapon I {unknown}
 k - a scroll of fog {unknown}
 n - a scroll of identify {unknown}
 p - a scroll of magic mapping {unknown}
 q - a scroll of blinking {unknown}
 r - a scroll of enchant weapon II {unknown}
Jewellery
 s - a ring of flight (left hand)
Potions
 h - a potion of haste {unknown}
 i - 3 potions of curing {unknown}
 j - a potion of agility
 l - 3 potions of heal wounds
 o - a potion of cure mutation {unknown}
Books
 c - a book of Maledictions

   Spells                             Type                      Level
   *Corona                            Hexes                        1
   *Sure Blade                        Hexes/Charms                 2
   *Ensorcelled Hibernation           Hexes/Ice                    2
   *Confuse                           Hexes                        3
   Dazzling Spray                     Conjuration/Hexes            3
   Enslavement                        Hexes                        4


   Skills:
 + Level 3.4 Short Blades
 - Level 0.8 Throwing
 - Level 2.4 Dodging
 + Level 3.8 Stealth
 - Level 2.0 Spellcasting
 * Level 7.4 Hexes


You couldn't memorise any spells.
You knew the following spells:

 Your Spells              Type           Power        Failure   Level  Hunger
a - Corona                Hex            ####...      1%          1    #......
b - Sure Blade            Hex/Chrm       ##........   10%         2    ###....
c - Confuse               Hex            ####....     3%          3    ####...
d - Ensorcelled Hibernat  Hex/Ice        ##....       10%         2    ###....


Dungeon Overview and Level Annotations

Branches:
Dungeon (4/15)
 Temple: D:4-7

Altars:
Elyvilon
Nemelex Xobeh
Sif Muna
Yredelemnul

Annotations:
D:4 Menkaure


Innate Abilities, Weirdness & Mutations

You do not heal naturally.
You have razor-sharp teeth.*
You have supernaturally acute eyesight.
You can survive without breathing.*


Message History

You hit the goblin.
The goblin is almost dead.
You closely miss the goblin. You bite the goblin.
You draw the goblin's blood!
You feel better.
You feel slightly less thirsty.
You kill the goblin!
You now have 93 gold pieces (gained 13).
Menkaure comes into view.
The helpless Menkaure fails to defend himself.
You impale Menkaure!!
Menkaure is almost destroyed.
Menkaure casts a spell.
Menkaure seems to speed up.
Casting: Confuse
Confirm with . or Enter, or press ? or * to list all spells.
Aiming: Confuse
Press: ? - help, Shift-Dir - straight line, f - Menkaure
Aim: Menkaure (almost destroyed, moving very quickly) Menkaure resists with significant effort.
Menkaure hits you!
You die...

.### #..P.P..# .
.......##.......#...
...................
#.....# #.<..####.#
####.....#
#....#....#
#........#
#.####.....
#........#
#..).#.....
#...M....#
#....###... #.@...#
#.......... #.....#
#####...#..
#.....##.### #...#..
#.....##...# #####..
#.....##...# #.#
##....##...# #.#
#....##.### #...
#....##.########
#... #.)##...##...#
#...


You could see Menkaure.

Vanquished Creatures
  A crimson imp (D:3)
  An orc priest (D:4)
  2 orc wizards (D:4)
  2 adders (D:3)
  A giant mite (D:3)
  A worm (D:2)
  A giant gecko (D:1)
  An ooze (D:2)
  An orc (D:4)
  3 giant cockroaches
  9 hobgoblins
  A quokka (D:2)
  2 ball pythons (D:1)
  6 bats
  7 giant newts
  9 goblins
  14 kobolds
  4 rats
66 creatures vanquished.

Notes
Turn   | Place    | Note
--------------------------------------------------------------
     0 | D:1      | PolkaDot, the Vampire Enchanter, began the quest for the Orb.
     0 | D:1      | Reached XP level 1. HP: 13/13 MP: 3/3
   128 | D:1      | Found a sparkling altar of Nemelex Xobeh.
   171 | D:1      | Reached XP level 2. HP: 7/19 MP: 4/4
   463 | D:1      | Learned a level 2 spell: Ensorcelled Hibernation
   776 | D:1      | Reached skill level 5 in Hexes
  1314 | D:2      | Found a deep blue altar of Sif Muna.
  1347 | D:2      | Reached XP level 3. HP: 18/24 MP: 6/6
  1588 | D:2      | Learned a level 3 spell: Confuse
  2294 | D:3      | Reached skill level 6 in Hexes
  2400 | D:3      | Reached XP level 4. HP: 28/30 MP: 0/7
  2569 | D:3      | Found a white marble altar of Elyvilon.
  2569 | D:3      | Noticed an angel
  2833 | D:4      | Found a basalt altar of Yredelemnul.
  2921 | D:4      | Reached skill level 7 in Hexes
  2921 | D:4      | Reached XP level 5. HP: 23/35 MP: 3/9
  3124 | D:4      | Noticed a phantom
  3128 | D:4      | Learned a level 2 spell: Sure Blade
  3259 | D:4      | Noticed Menkaure
  3264 | D:4      | Slain by Menkaure

Action                   |  1- 3 |  4- 6 || total
-------------------------+-------+-------++-------
Melee: Dagger            |   159 |    49 ||   208
 Cast: Ensorcelled Hiber |    17 |    11 ||    28
       Confuse           |       |     4 ||     4
       Sure Blade        |       |     1 ||     1
  Use: Potion            |       |     2 ||     2
 Stab: Sleeping          |    17 |    15 ||    32
